[Event "Titled Tuesday Blitz February 14 Late 2023"]
[White "Holt, Conrad"]
[Black "Kleiman, Jake"]
[WhiteFideId "2034387"]
[BlackFideId "2020041"]
[WhiteElo "2540"]
[BlackElo "2399"]
[Result "1/2-1/2"]
[Round "03"]
[TimeControl "180+2"]
[Date "2023.02.14"]
[WhiteClock "0:00:06"]
[BlackClock "0:00:13"]

1. d4 Nf6 2. c4 e6 3. Nc3 Bb4 4. Qc2 O-O 5. e4 d5 6. e5 Ne4 7. Bd3 c5 8. Nf3 cxd4 9. Nxd4 Nd7 10. Bf4 Ndc5 11. O-O Bxc3 12. bxc3 Nxd3 13. Qxd3 b6 14. cxd5 exd5 15. Rad1 Qd7 16. f3 Nc5 17. Qd2 Ba6 18. Rfe1 Nd3 19. Qe2 Nxf4 20. Qxa6 Rfc8 21. g3 Ne6 22. Qb5 Qxb5 23. Nxb5 Rc5 24. Nd6 Rxc3 25. f4 Rc5 26. Re2 h5 27. f5 Nc7 28. Nb7 Rc3 29. e6 fxe6 30. fxe6 Re8 31. e7 Rc6 32. Nd8 Rd6 33. Rc1 Rd7 34. Nc6 Nb5 35. Rf1 Rc7 36. Ref2 Kh7 37. Rf8 Nd6 38. Rxe8 Nxe8 39. Rc1 Kg6 40. Kf2 Kf6 41. Ke3 Ke6 42. Nd8+ Kd7 43. Rxc7+ Nxc7 44. Kd4 Kxe7 45. Nc6+ Kd6 46. Nxa7 Ne6+ 47. Kc3 Kc5 48. Nc8 b5 49. Ne7 d4+ 50. Kd3 g5 51. Nf5 Kd5 52. h4 gxh4 53. gxh4 Nf4+ 54. Kd2 Ke4 55. Nd6+ Kf3 56. Nxb5 d3 57. a4 Ke4 58. a5 Kd5 59. a6 Kc6 60. a7 Kb7 61. Ke3 Ng6 62. Kxd3 Nxh4 63. Ke4 Ng6 64. Kf5 Ne7+ 65. Kg5 Nc6 66. Kxh5 Nxa7 1/2-1/2


[Site "https://www.chess.com"]

[Event "Titled Tuesday Blitz February 14 Late 2023"]
[White "Mikhalsky, Vladimir"]
[Black "Ozen, Bahadir"]
[WhiteFideId "14144352"]
[BlackFideId "6337058"]
[WhiteElo "2219"]
[BlackElo "2369"]
[Result "0-1"]
[Round "03"]
[TimeControl "180+2"]
[Date "2023.02.14"]
[WhiteClock "0:01:41"]
[BlackClock "0:02:05"]

1. c4 c6 2. g3 d5 3. Bg2 Nf6 4. Nf3 Bg4 5. O-O e6 6. Ne5 Bh5 7. d4 Nbd7 8. Nc3 Nxe5 9. dxe5 Nd7 10. f4 Bc5+ 11. Kh1 O-O 12. h3 a5 13. g4 Bxg4 14. Qd3 Qh4 15. e4 dxc4 16. Qxd7 Bxh3 0-1


[Site "https://www.chess.com"]

[Event "Titled Tuesday Blitz February 14 Late 2023"]
[White "Kalajzic, Ivan"]
[Black "Fier, Alexandr"]
[WhiteFideId "14506378"]
[BlackFideId "2107139"]
[WhiteElo "2062"]
[BlackElo "2589"]
[Result "0-1"]
[Round "03"]
[TimeControl "180+2"]
[Date "2023.02.14"]
[WhiteClock "0:00:02"]
[BlackClock "0:01:14"]

1. b3 e5 2. Bb2 Nc6 3. e3 Nf6 4. Bb5 Bd6 5. Na3 Na5 6. Be2 a6 7. c4 c5 8. Nc2 Nc6 9. d3 Bc7 10. Nf3 O-O 11. e4 b5 12. O-O d6 13. Ne3 Rb8 14. Bc3 Nd4 15. Nd5 Nxd5 16. cxd5 f5 17. Nxd4 exd4 18. Bd2 c4 19. bxc4 bxc4 20. Bf3 c3 21. Bc1 a5 22. Ba3 fxe4 23. dxe4 Ba6 24. Qxd4 Bxf1 25. Rxf1 c2 26. e5 Rb1 27. exd6 Bxd6 28. Bc1 Rxf3 29. gxf3 Rxc1 30. Rxc1 Qg5+ 31. Qg4 Qxc1+ 32. Kg2 h6 33. Qe6+ Kh8 34. Qe8+ Kh7 35. Qe4+ g6 36. h4 Qb2 37. h5 c1=Q 38. Qxg6+ Kh8 39. Qe8+ Kg7 40. Qg6+ Kf8 41. Qxd6+ Ke8 42. Qe6+ Kd8 43. Qd6+ Kc8 44. Qf8+ Kb7 45. Qe7+ Qc7 46. Qe4 Qcg7+ 47. Kf1 Qc1+ 48. Ke2 Qgb2+ 49. Kd3 Qcc3# 0-1


[Site "https://www.chess.com"]

[Event "Titled Tuesday Blitz February 14 Late 2023"]
[White "The_Sherman_Variation"]
[Black "Nakamura, Hikaru"]
[BlackFideId "2016192"]
[WhiteElo "2511"]
[BlackElo "2775"]
[Result "0-1"]
[Round "03"]
[TimeControl "180+2"]
[Date "2023.02.14"]
[WhiteClock "0:00:47"]
[BlackClock "0:01:50"]

1. e4 c5 2. Nf3 e6 3. d4 cxd4 4. Nxd4 a6 5. Nc3 Qc7 6. g3 h5 7. h4 Nf6 8. Bg2 Bc5 9. O-O Ng4 10. Qd3 Nc6 11. Nxc6 bxc6 12. Bf4 e5 13. Bg5 a5 14. Nd1 Qb6 15. b3 d6 16. a4 Bd4 17. Rc1 Ba6 18. c4 Rb8 19. Rb1 O-O 20. Bh3 d5 21. exd5 cxd5 22. Bxg4 dxc4 23. Qf5 Bc8 24. Qe4 hxg4 25. Ne3 Bb7 26. Qxg4 Qc6 27. f3 f5 28. Qh5 f4 29. Kg2 fxe3 30. bxc4 Qxc4 31. Qg4 Qe2+ 32. Kg1 Bxf3 33. Qxf3 Qxf3 0-1


[Site "https://www.chess.com"]

[Event "Titled Tuesday Blitz February 14 Late 2023"]
[White "Urbina Perez, Juan Antonio"]
[Black "Kollars, Dmitrij"]
[WhiteFideId "2217368"]
[BlackFideId "12909572"]
[WhiteElo "2266"]
[BlackElo "2607"]
[Result "0-1"]
[Round "03"]
[TimeControl "180+2"]
[Date "2023.02.14"]
[WhiteClock "0:00:37"]
[BlackClock "0:01:55"]

1. Nf3 Nf6 2. g3 g6 3. Bg2 Bg7 4. O-O O-O 5. c4 Nc6 6. Nc3 d5 7. cxd5 Nxd5 8. e4 Ndb4 9. a3 Nd3 10. Ne1 Nce5 11. Qe2 Bg4 12. f3 Be6 13. Nxd3 Nxd3 14. Nd5 Nxb2 15. Rb1 Na4 16. Rxb7 Nb6 17. Nxc7 Bc8 18. Nxa8 Bxb7 19. Nxb6 Qxb6+ 20. Kh1 Rd8 21. d3 Ba6 22. Rd1 Qb3 23. Be3 Rxd3 24. Rxd3 Bxd3 25. Qd2 Qxa3 26. Bxa7 Qa1+ 27. Bg1 Bd4 0-1


[Site "https://www.chess.com"]

[Event "Titled Tuesday Blitz February 14 Late 2023"]
[White "Predke, Alexandr"]
[Black "Bilan, Danila"]
[WhiteFideId "24107581"]
[BlackFideId "24161918"]
[WhiteElo "2685"]
[BlackElo "2303"]
[Result "1/2-1/2"]
[Round "03"]
[TimeControl "180+2"]
[Date "2023.02.14"]
[WhiteClock "0:00:34"]
[BlackClock "0:00:52"]

1. e4 c6 2. Nf3 d5 3. d3 Bg4 4. h3 Bxf3 5. Qxf3 e6 6. g3 Nd7 7. Bg2 dxe4 8. dxe4 Ngf6 9. O-O Bc5 10. Qe2 O-O 11. a4 a5 12. Nd2 Qc7 13. Kh2 e5 14. Nf3 Rfe8 15. Nh4 Nf8 16. Nf5 Ne6 17. c3 Rad8 18. Bf3 Qd7 19. Kg2 Qd3 20. Re1 Bb6 21. Qxd3 Rxd3 22. Bd1 g6 23. Nh6+ Kg7 24. Bc2 Rd7 25. Ng4 Nxg4 26. hxg4 Red8 27. g5 Rd2 28. Bxd2 Rxd2 29. Rac1 Rxf2+ 30. Kh1 Nxg5 31. Rf1 Rd2 32. Rfd1 Rf2 33. Rf1 Rd2 34. Rfd1 Rf2 35. Rf1 1/2-1/2


[Site "https://www.chess.com"]

[Event "Titled Tuesday Blitz February 14 Late 2023"]
[White "Urazayev, Arystanbek"]
[Black "Reprintsev, Alexander"]
[WhiteFideId "13709810"]
[BlackFideId "14100541"]
[WhiteElo "2460"]
[BlackElo "2253"]
[Result "1-0"]
[Round "03"]
[TimeControl "180+2"]
[Date "2023.02.14"]
[WhiteClock "0:00:26"]
[BlackClock "0:00:03"]

1. e4 d5 2. exd5 Qxd5 3. Nc3 Qa5 4. d4 Nf6 5. Nf3 Nc6 6. Bd2 Bg4 7. Nb5 Qb6 8. h3 Bxf3 9. Qxf3 a6 10. d5 axb5 11. dxc6 bxc6 12. Bd3 e6 13. O-O Bc5 14. Bc3 O-O-O 15. a4 b4 16. a5 Qa7 17. Bxf6 gxf6 18. Qxc6 Rd6 19. Qf3 f5 20. c3 Rg8 21. cxb4 Bxb4 22. a6 Bc5 23. Rfd1 Kd7 24. b4 Bb6 25. Bxf5 Bxf2+ 26. Qxf2 Qxf2+ 27. Kxf2 exf5 28. b5 Rb8 29. Kf3 Rxd1 30. Rxd1+ Kc8 31. Rd5 Rb6 32. Rd8+ Kxd8 33. a7 Rxb5 34. a8=Q+ Ke7 35. Qh8 Rb3+ 36. Kf4 Rb4+ 37. Kxf5 Rb5+ 38. Ke4 Rh5 39. Kf4 c5 40. Kg4 Rh6 41. Qe5+ Kf8 42. Qh8+ Ke7 43. h4 Rg6+ 44. Kf3 h6 45. Qe5+ Kf8 46. Qxc5+ Kg7 47. g4 Rf6+ 48. Kg3 Re6 49. Qd4+ Kg6 50. Qh8 f5 51. Qg8+ Kf6 52. Qf8+ 1-0


[Site "https://www.chess.com"]

[Event "Titled Tuesday Blitz February 14 Late 2023"]
[White "Fiorito, Francisco"]
[Black "Kravtsiv, Martyn"]
[WhiteFideId "180165"]
[BlackFideId "14113147"]
[WhiteElo "2305"]
[BlackElo "2598"]
[Result "1/2-1/2"]
[Round "03"]
[TimeControl "180+2"]
[Date "2023.02.14"]
[WhiteClock "0:00:10"]
[BlackClock "0:00:06"]

1. d4 e6 2. Nc3 Nf6 3. Bf4 c5 4. e3 Qb6 5. dxc5 Bxc5 6. a3 O-O 7. Bd3 Nc6 8. Nge2 Be7 9. O-O Nh5 10. Rb1 d5 11. h3 Nxf4 12. Nxf4 g6 13. Qf3 Ne5 14. Qg3 Qd6 15. Be2 Bd7 16. Rfd1 Rac8 17. Rbc1 a6 18. Ne4 Qb8 19. Nc3 Nc4 20. Bxc4 Rxc4 21. Qf3 Bxa3 22. Ncxd5 exd5 23. bxa3 Bc6 24. Nxd5 Qe5 25. Qf6 Qxf6 26. Nxf6+ Kg7 27. Ng4 Ra4 28. Rd3 Rc8 29. Rc3 Bd7 30. Rb3 b5 31. Ne5 Be6 32. Rd3 Rc7 33. Nf3 Bf5 34. Rb3 Rxc2 35. Rxc2 Bxc2 36. Rc3 Be4 37. Nd4 Bd5 38. f3 h5 39. Kf2 Kf6 40. Rc5 Be6 41. Rc3 Ke5 42. Rc5+ Kd6 43. Rc3 Bc4 44. Ke1 Kc5 45. Kd2 a5 46. Nb3+ Kd5 47. Nd4 b4 48. axb4 axb4 49. Rc2 b3 50. Rb2 Ra2 51. Kc3 Ra1 52. Nxb3 Bxb3 53. Kxb3 Re1 54. Rd2+ Ke5 55. Rd3 Re2 56. g4 Rh2 57. Kc4 Rxh3 58. gxh5 gxh5 59. Rd5+ Ke6 60. Kd4 f5 61. Re5+ Kf6 62. f4 Rg3 63. Ra5 h4 64. Ra6+ Kg7 65. Ke5 h3 66. Ra1 Kg6 67. Ra6+ Kh5 68. Kxf5 h2 69. Ra8 Rg6 70. Ra1 Rg1 71. Ra8 Kh4 72. Rh8+ Kg3 73. e4 h1=Q 74. Rxh1 Rxh1 75. e5 Rf1 76. e6 Rxf4+ 77. Kg6 Re4 78. Kf7 Kf4 79. e7 Kf5 80. e8=Q Rxe8 81. Kxe8 1/2-1/2


[Site "https://www.chess.com"]

[Event "Titled Tuesday Blitz February 14 Late 2023"]
[White "Jeet, Jain"]
[Black "Rustemov, Alexander"]
[WhiteFideId "5073022"]
[BlackFideId "4119002"]
[WhiteElo "2199"]
[BlackElo "2525"]
[Result "1/2-1/2"]
[Round "03"]
[TimeControl "180+2"]
[Date "2023.02.14"]
[WhiteClock "0:00:22"]
[BlackClock "0:00:07"]

1. Nf3 d5 2. g3 Nf6 3. Bg2 Bf5 4. O-O e6 5. d4 h6 6. Nbd2 Be7 7. Re1 O-O 8. Ne5 c5 9. c3 cxd4 10. cxd4 Qb6 11. Nb3 Rc8 12. Nd3 Nc6 13. Ndc5 Nxd4 14. Qxd4 Bxc5 15. Nxc5 Qxc5 16. Qh4 Ng4 17. Rf1 Qf8 18. h3 Ne5 19. g4 Bh7 20. b3 Rc2 21. Qg3 Nc6 22. e3 Qb8 23. Qh4 Qe5 24. Ba3 Rc8 25. Bf3 d4 26. Bxc6 R2xc6 27. exd4 Qxd4 28. Rad1 Qf6 29. Qxf6 gxf6 30. Rd7 R6c7 31. Rfd1 Be4 32. Be7 Kg7 33. Ba3 Bd5 34. Rxc7 Rxc7 35. Rd2 Rc3 36. Kh2 Kg6 37. Bb2 Rf3 38. Bd4 a6 39. Be3 h5 40. Rd4 hxg4 41. hxg4 f5 42. g5 f6 43. gxf6 Kxf6 44. Rf4 e5 45. Rxf3 Bxf3 46. Kg3 Bd5 47. f4 e4 48. Bd4+ Kg6 49. Kf2 Kh5 50. Ke3 Kg4 51. Be5 Kg3 52. Bc3 Kg2 53. Bd2 Kf1 54. Bc3 Be6 55. Bb4 Bd7 56. Bc3 Bb5 57. a4 Bd3 58. a5 Bc2 59. b4 Ba4 60. Bd2 Bb5 61. Bc3 Kg2 62. Bd2 Kg3 63. Bc3 Kg4 64. Be5 Kh5 65. Bd4 Kg6 66. Bc5 Kf7 67. Bd4 Ke6 68. Bc5 Kd5 69. Bf8 Kc4 70. Bc5 Bc6 71. Bf8 Bd5 72. Bc5 Kb5 73. Bf8 Bf7 74. Bc5 Be8 75. Bf8 Bc6 76. Bc5 b6 77. Bxb6 Kxb4 78. Bd8 Bd5 79. Bb6 Be6 80. Bd8 Bc8 81. Bb6 Kb5 82. Bd8 Kc4 83. Bb6 Bd7 84. Bd8 Bc8 85. Bb6 Bd7 86. Bd8 Bc8 1/2-1/2


[Site "https://www.chess.com"]

[Event "Titled Tuesday Blitz February 14 Late 2023"]
[White "Bas Mas, Jose Joaquin"]
[Black "Acor, Corey"]
[WhiteFideId "22219064"]
[BlackFideId "2024861"]
[WhiteElo "2197"]
[BlackElo "2216"]
[Result "0-1"]
[Round "03"]
[TimeControl "180+2"]
[Date "2023.02.14"]
[WhiteClock "0:00:03"]
[BlackClock "0:00:17"]

1. e4 e5 2. Bc4 Nf6 3. d3 c6 4. Nf3 d5 5. Bb3 Bb4+ 6. c3 Bd6 7. Nbd2 O-O 8. h3 Nbd7 9. O-O Re8 10. Re1 h6 11. Qe2 a5 12. a4 Nc5 13. Bc2 Qc7 14. Nf1 b6 15. Ng3 Ba6 16. Qd1 dxe4 17. dxe4 Rad8 18. Be3 Bf8 19. Qc1 Ne6 20. Nf5 Nh5 21. g3 Nf6 22. Kg2 Nh7 23. Rd1 Nf6 24. Rxd8 Rxd8 25. Qe1 c5 26. Rd1 Rb8 27. g4 b5 28. axb5 Bxb5 29. b3 Bc6 30. Bc1 c4 31. bxc4 a4 32. g5 hxg5 33. Nxg5 Nh5 34. Nxe6 fxe6 35. Ng3 Nf4+ 36. Kh2 a3 37. Nf1 a2 38. Bxf4 exf4 39. Ra1 Rb2 40. Qc1 Qb6 41. Kg2 Bxe4+ 0-1


[Site "https://www.chess.com"]

[Event "Titled Tuesday Blitz February 14 Late 2023"]
[White "Maksimovic, Bojan"]
[Black "Santos Flores, Alberto"]
[WhiteFideId "14408120"]
[BlackFideId "3601234"]
[WhiteElo "2486"]
[BlackElo "2164"]
[Result "1/2-1/2"]
[Round "03"]
[TimeControl "180+2"]
[Date "2023.02.14"]
[WhiteClock "0:00:25"]
[BlackClock "0:00:17"]

1. Nf3 c5 2. g3 g6 3. Bg2 Bg7 4. O-O Nc6 5. d3 e6 6. e4 Nge7 7. Nbd2 O-O 8. c3 b5 9. Qc2 d6 10. Re1 Rb8 11. a3 a5 12. a4 b4 13. Nc4 bxc3 14. bxc3 Ba6 15. Bf4 Bxc4 16. dxc4 Qc7 17. Red1 Ne5 18. Nxe5 Bxe5 19. Bxe5 dxe5 20. Rab1 Rxb1 21. Rxb1 Rb8 22. Rb5 Rxb5 23. cxb5 Qd6 24. c4 Qd4 25. Qb3 Qd6 26. b6 Nc6 27. Qb5 Qd1+ 28. Bf1 Nd4 29. b7 Ne2+ 30. Kg2 Nf4+ 31. Kg1 Ne2+ 32. Kg2 Nf4+ 33. gxf4 Qg4+ 34. Kh1 Qf3+ 35. Kg1 Qg4+ 36. Bg2 Qd1+ 37. Bf1 Qg4+ 38. Kh1 Qf3+ 39. Kg1 Qg4+ 1/2-1/2


[Site "https://www.chess.com"]

[Event "Titled Tuesday Blitz February 14 Late 2023"]
[White "benny_aizenberg"]
[Black "Barp, Alberto"]
[BlackFideId "872555"]
[WhiteElo "2558"]
[BlackElo "2432"]
[Result "0-1"]
[Round "03"]
[TimeControl "180+2"]
[Date "2023.02.14"]
[WhiteClock "0:00:01"]
[BlackClock "0:00:06"]

1. Nf3 f5 2. d3 d6 3. e4 e5 4. Nc3 Nf6 5. exf5 Bxf5 6. d4 e4 7. Nh4 Bc8 8. d5 Be7 9. Bg5 O-O 10. Bc4 Nbd7 11. O-O Ne5 12. Be2 h6 13. Bf4 Nfd7 14. Bxe5 Nxe5 15. f4 exf3 16. Nxf3 Bf6 17. Nd4 Bd7 18. Ne6 Bxe6 19. dxe6 c6 20. Kh1 d5 21. Bg4 Qe7 22. Bh3 Nc4 23. Rf3 Nxb2 24. Qe2 Na4 25. Nxa4 Bxa1 26. Rb3 Bd4 27. g3 Rf2 28. Qd1 Bb6 29. Nxb6 axb6 30. Qb1 b5 31. a3 Raf8 32. Qe1 R8f6 33. Re3 Rxc2 34. Re5 Rff2 35. Bf5 Rxh2+ 36. Kg1 Rcg2+ 37. Kf1 Qc5 38. e7 Qg1# 0-1


[Site "https://www.chess.com"]

[Event "Titled Tuesday Blitz February 14 Late 2023"]
[White "Krishnan, Varun"]
[Black "Oro, Faustino"]
[WhiteFideId "5054508"]
[BlackFideId "20000197"]
[WhiteElo "2341"]
[BlackElo "2269"]
[Result "1/2-1/2"]
[Round "03"]
[TimeControl "180+2"]
[Date "2023.02.14"]
[WhiteClock "0:00:04"]
[BlackClock "0:00:12"]

1. e4 c5 2. Nf3 d6 3. d4 cxd4 4. Nxd4 Nf6 5. Nc3 a6 6. Bg5 e6 7. f4 h6 8. Bh4 Qb6 9. Qd2 Qxb2 10. Rb1 Qa3 11. e5 dxe5 12. fxe5 Nfd7 13. Nxe6 fxe6 14. Bd3 Be7 15. Bg6+ Kd8 16. Bf2 Kc7 17. O-O Nc6 18. Ne4 Ndxe5 19. Bg3 Kb8 20. Kh1 Rd8 21. Qf2 Bd6 22. Nxd6 Qxd6 23. Rfe1 Qc7 24. c4 Ra7 25. Qc5 Ka8 26. Bxe5 Qe7 27. Qxe7 Nxe7 28. Be4 Nc6 29. Bxg7 Bd7 30. Bxh6 Kb8 31. Be3 Ra8 32. Bf4+ Kc8 33. h4 Na5 34. h5 Bc6 35. Bg6 Rg8 36. Rxe6 Nxc4 37. Re7 Bd7 38. Rc1 b5 39. Be4 Ra7 40. Bd5 Rg4 41. Bxc4 bxc4 42. Rxc4+ Kd8 43. Rh7 Rh4+ 44. Kg1 Rg4 45. Rd4 Rb7 46. Bc7+ Rxc7 47. Rhxd7+ Rxd7 48. Rxg4 Rd1+ 49. Kh2 Ke7 50. Rh4 Kf6 51. h6 Rd8 52. h7 Rh8 53. g4 Kg5 54. Kg3 Kg6 55. Kf4 Kg7 56. Ke5 Re8+ 57. Kd6 Kh8 58. Kc6 Re6+ 59. Kb7 a5 60. a4 Re4 61. Rh5 Rxa4 62. Ka6 Rxg4 63. Kxa5 Rg7 64. Rh4 Rxh7 65. Rxh7+ Kxh7 1/2-1/2


[Site "https://www.chess.com"]

[Event "Titled Tuesday Blitz February 14 Late 2023"]
[White "Ramirez Allo, Eduardo"]
[Black "Costachi, Mihnea"]
[WhiteFideId "2224178"]
[BlackFideId "1217518"]
[WhiteElo "2274"]
[BlackElo "2476"]
[Result "0-1"]
[Round "03"]
[TimeControl "180+2"]
[Date "2023.02.14"]
[WhiteClock "0:00:15"]
[BlackClock "0:01:49"]

1. d4 d5 2. Nf3 Nf6 3. c4 dxc4 4. g3 c5 5. Bg2 Nc6 6. Na3 cxd4 7. O-O e5 8. Nxc4 Bd6 9. e3 Be6 10. Nxd6+ Qxd6 11. exd4 exd4 12. Bf4 Qd7 13. Rc1 O-O 14. Ne5 Nxe5 15. Bxe5 Rfd8 16. Rc7 Qb5 17. Bxf6 gxf6 18. Rxb7 Qf5 19. Qd2 Rac8 20. Rxa7 Rc2 21. Qa5 Qxa5 22. Rxa5 Rxb2 23. a4 d3 24. Rd1 d2 25. Ra8 Rxa8 26. Bxa8 Bb3 27. Rxd2 Rxd2 28. a5 Bd5 0-1


[Site "https://www.chess.com"]

[Event "Titled Tuesday Blitz February 14 Late 2023"]
[White "Ehlvest, Jaan"]
[Black "Bjelobrk, Igor"]
[WhiteFideId "4500016"]
[BlackFideId "4300726"]
[WhiteElo "2530"]
[BlackElo "2403"]
[Result "0-1"]
[Round "03"]
[TimeControl "180+2"]
[Date "2023.02.14"]
[WhiteClock "0:00:04"]
[BlackClock "0:00:13"]

1. e4 e6 2. Qe2 c5 3. g3 Nc6 4. Bg2 d6 5. Nf3 Nf6 6. O-O Be7 7. c3 O-O 8. d4 cxd4 9. cxd4 d5 10. e5 Ne4 11. Be3 f6 12. exf6 Bxf6 13. Nbd2 Nd6 14. Nb3 b6 15. Rac1 Bd7 16. Bf4 Nf5 17. Qd2 Rc8 18. Rfe1 Re8 19. Bf1 Na5 20. Nxa5 bxa5 21. Ne5 Bxe5 22. Bxe5 Qb6 23. Bd3 Bb5 24. Bb1 h6 25. Kg2 Rf8 26. Rxc8 Rxc8 27. h4 a4 28. Rh1 Rc4 29. b3 axb3 30. axb3 Rc8 31. g4 Nd6 32. f3 Nf7 33. Bg3 Bd7 34. Qd3 Qb5 35. Qh7+ Kf8 36. g5 Qxb3 37. gxh6 gxh6 38. Bg6 Be8 39. Re1 Rc6 40. Bxf7 Qc2+ 41. Qxc2 Rxc2+ 42. Kh3 Kxf7 43. Ra1 Bb5 44. Rxa7+ Kg6 45. Be5 h5 46. Rg7+ Kh6 47. Re7 Rc6 48. Kg3 Bd3 49. Kf4 Bf5 50. Bf6 Rc2 51. Bg5+ Kg6 52. Ke5 Re2+ 53. Kd6 Rf2 54. f4 Rd2 55. Ke5 Re2+ 56. Kd6 Rd2 57. Ke5 Re2+ 58. Kd6 Re4 59. Kc5 Bh3 60. Re8 Kf5 61. Rg8 Re2 62. Rg7 Bg4 63. Kd6 Ke4 64. Rf7 Kxd4 0-1


[Site "https://www.chess.com"]

[Event "Titled Tuesday Blitz February 14 Late 2023"]
[White "Jimenez Almeida, Luis David"]
[Black "Alex_Sahakyan2006"]
[WhiteFideId "22242244"]
[WhiteElo "2242"]
[BlackElo "2696"]
[Result "0-1"]
[Round "03"]
[TimeControl "180+2"]
[Date "2023.02.14"]
[WhiteClock "0:00:17"]
[BlackClock "0:00:02"]

1. e4 e5 2. Nf3 Nc6 3. Bb5 a6 4. Ba4 d6 5. d4 Bd7 6. O-O Nge7 7. c3 g6 8. Re1 Bg7 9. Nbd2 exd4 10. cxd4 Nxd4 11. Nxd4 Bxd4 12. Nf3 Bg7 13. Bg5 O-O 14. Bxd7 Qxd7 15. e5 Rfe8 16. Qb3 Nc6 17. exd6 cxd6 18. h3 b5 19. Rad1 Rxe1+ 20. Rxe1 Re8 21. Rxe8+ Qxe8 22. Qd5 Bxb2 23. Qxd6 Bg7 24. Qc7 Ne5 25. Nxe5 Bxe5 26. Qb6 Qe6 27. Qd8+ Kg7 28. Qd2 h5 29. Be3 Qc4 30. g3 h4 31. g4 b4 32. Bh6+ Kh7 33. Bg5 Qc3 34. Qd7 Kg7 35. Be3 Qa1+ 36. Kg2 Qxa2 37. g5 Qe6 38. Qa4 b3 39. Qxh4 b2 40. Qe4 Qd6 41. f3 Qb8 42. Qb1 a5 43. f4 Bc3 44. Bc5 a4 45. Qd3 Qb7+ 46. Kg3 b1=Q 47. Qxc3+ Kh7 48. Qf6 Qe1+ 49. Kg4 Qg2# 0-1


[Site "https://www.chess.com"]

[Event "Titled Tuesday Blitz February 14 Late 2023"]
[White "Rorrer, Grayson"]
[Black "Riff, Vincent"]
[WhiteFideId "30944996"]
[BlackFideId "617776"]
[WhiteElo "2263"]
[BlackElo "2383"]
[Result "0-1"]
[Round "03"]
[TimeControl "180+2"]
[Date "2023.02.14"]
[WhiteClock "0:01:00"]
[BlackClock "0:01:39"]

1. c3 d5 2. Nf3 Nf6 3. g3 Nc6 4. d4 Bf5 5. Bg2 e6 6. O-O Be7 7. Bf4 Ne4 8. Nbd2 h5 9. Nxe4 Bxe4 10. Nd2 Bxg2 11. Kxg2 g5 12. Be3 h4 13. f3 Qd7 14. a4 e5 15. g4 h3+ 16. Kh1 f5 17. gxf5 Qxf5 18. dxe5 Qxe5 19. Bf2 O-O-O 20. Bg3 Qe3 21. Bf2 Qe5 22. a5 Rhe8 23. Bg3 Qe3 24. Re1 Bd6 25. Nf1 Qc5 26. a6 Bxg3 27. axb7+ Kb8 28. Nxg3 d4 29. cxd4 Nxd4 30. Qa4 Nxf3 31. exf3 Qf2 32. Rg1 Qxf3+ 0-1


[Site "https://www.chess.com"]

[Event "Titled Tuesday Blitz February 14 Late 2023"]
[White "Korchmar, Vasiliy"]
[Black "ArchibaldCerveza29"]
[WhiteFideId "24131750"]
[WhiteElo "2438"]
[BlackElo "2469"]
[Result "1-0"]
[Round "03"]
[TimeControl "180+2"]
[Date "2023.02.14"]
[WhiteClock "0:01:15"]
[BlackClock "0:00:02"]

1. e4 e5 2. Nf3 Nc6 3. Bc4 Nf6 4. d3 Be7 5. O-O O-O 6. Nc3 d6 7. a4 Be6 8. Nd5 Bxd5 9. exd5 Nb4 10. d4 e4 11. Nd2 Re8 12. c3 Nbxd5 13. Nxe4 Bf8 14. Bg5 Be7 15. Nxf6+ Nxf6 16. Qb3 d5 17. Bb5 c6 18. Bd3 Qc7 19. Qc2 h6 20. Bd2 Bd6 21. g3 Ne4 22. Be3 Bxg3 23. fxg3 Nxg3 24. Bf4 Ne2+ 25. Bxe2 Qe7 26. Bd3 Qh4 27. Bg3 Qg5 28. Bh7+ Kf8 29. Qf5 Qxf5 30. Bxf5 g6 31. Bxg6 Re7 32. Bd6 1-0


[Site "https://www.chess.com"]

[Event "Titled Tuesday Blitz February 14 Late 2023"]
[White "Defend, Balint"]
[Black "Papasimakopoulos, Alexandros"]
[WhiteFideId "17004853"]
[BlackFideId "4244125"]
[WhiteElo "1673"]
[BlackElo "2401"]
[Result "1-0"]
[Round "03"]
[TimeControl "180+2"]
[Date "2023.02.14"]
[WhiteClock "0:00:05"]
[BlackClock "0:00:06"]

1. e4 e6 2. d4 d5 3. Nc3 Bb4 4. e5 b6 5. a3 Bf8 6. b4 c5 7. b5 a6 8. a4 axb5 9. Nxb5 Nc6 10. Nf3 cxd4 11. Ba3 Ba6 12. Bxf8 Kxf8 13. Qb1 Nge7 14. Bd3 Ng6 15. Bxg6 hxg6 16. O-O Rh5 17. Re1 Bxb5 18. axb5 Na5 19. Qb4+ Qe7 20. Qxd4 Rb8 21. Ra4 Qc7 22. c3 Rc8 23. g4 Rh3 24. Kg2 Rxf3 25. Kxf3 Qxc3+ 26. Qxc3 Rxc3+ 27. Re3 Rc5 28. Rb4 Nc4 29. Re2 g5 30. Kg3 Kg8 31. f4 gxf4+ 32. Kxf4 Na3 33. Ra2 Nxb5 34. Ra8+ Kh7 35. Rb8 d4 36. Ke4 Nc3+ 37. Kxd4 Nd5 38. R8xb6 Rc2 39. Rb2 Rc1 40. R6b3 Kg6 41. h4 Rd1+ 42. Ke4 Rg1 43. Kf3 Rf1+ 44. Kg3 Rg1+ 45. Kh3 Re1 46. Rb7 Re3+ 47. Kh2 Rxe5 48. h5+ Kg5 49. Rxf7 Kxg4 50. Rg2+ Kh4 51. Rf3 Re3 52. Rxe3 Nxe3 53. Re2 Ng4+ 54. Kg2 e5 55. Kf3 Kxh5 56. Re4 Nf6 57. Rxe5+ Kg6 58. Kf4 Nh5+ 59. Kg4 Nf6+ 60. Kh4 Nd7 61. Re7 Nc5 62. Ra7 Kh6 63. Ra1 Nd3 64. Kg4 Ne5+ 65. Kf5 1-0


[Site "https://www.chess.com"]

[Event "Titled Tuesday Blitz February 14 Late 2023"]
[White "Boyer, Mahel"]
[Black "Kavutskiy, Konstantin"]
[WhiteFideId "45102422"]
[BlackFideId "2026384"]
[WhiteElo "2489"]
[BlackElo "2414"]
[Result "1-0"]
[Round "03"]
[TimeControl "180+2"]
[Date "2023.02.14"]
[WhiteClock "0:00:10"]
[BlackClock "0:00:11"]

1. g3 Nf6 2. Bg2 g6 3. e4 d6 4. Ne2 Bg7 5. O-O O-O 6. d4 e5 7. h3 Nc6 8. d5 Ne7 9. c4 Nd7 10. g4 f5 11. exf5 gxf5 12. Ng3 fxg4 13. hxg4 Ng6 14. Nc3 Nf4 15. Nce4 Nf6 16. Bxf4 exf4 17. Nf5 Bxf5 18. gxf5 Nxe4 19. Bxe4 Qg5+ 20. Bg2 f3 21. Qxf3 Rxf5 22. Qg3 Qh6 23. Qh3 Qf6 24. Rae1 Rf8 25. Re6 Qg5 26. Kh1 Be5 27. Be4 Kh8 28. Rg1 Qf4 29. Bxf5 Rxf5 30. Rg4 Qxf2 31. Reg6 Qe1+ 32. Rg1 Qe4+ 33. R6g2 Rf8 34. Qg4 Qxg4 35. Rxg4 Bxb2 36. Rb1 Be5 37. Rxb7 h5 38. Rg5 Kh7 39. Rxc7+ Kh6 40. Rg1 Rf3 41. Rxa7 h4 42. Kg2 Rg3+ 43. Kf1 Rc3 44. Ra6 Kh5 45. Rg8 h3 46. Ra7 Rf3+ 47. Ke2 Rf6 48. Rh7+ Rh6 49. Rxh6+ Kxh6 50. Kf3 h2 51. Kg2 Kh7 52. Rg5 Kh6 53. Rxe5 dxe5 54. Kxh2 Kg5 55. Kg3 Kf6 56. Kf3 Kf5 57. Kg3 e4 58. Kf2 Ke5 59. Ke3 Kd6 60. Kxe4 1-0


[Site "https://www.chess.com"]

[Event "Titled Tuesday Blitz February 14 Late 2023"]
[White "Erdogan, Anil Berk"]
[Black "Firat, Burak"]
[WhiteFideId "6348173"]
[BlackFideId "6305881"]
[WhiteElo "2091"]
[BlackElo "2456"]
[Result "1-0"]
[Round "03"]
[TimeControl "180+2"]
[Date "2023.02.14"]
[WhiteClock "0:00:10"]
[BlackClock "0:00:37"]

1. e4 c6 2. d4 d5 3. exd5 cxd5 4. c4 Nf6 5. Nc3 g6 6. Qb3 Bg7 7. cxd5 O-O 8. Be2 Na6 9. Bf3 Qb6 10. Nge2 Bf5 11. Qxb6 axb6 12. d6 Nb4 13. O-O exd6 14. Bf4 d5 15. Be5 Ra5 16. a3 Nd3 17. b4 Raa8 18. Bxf6 Bxf6 19. Nxd5 Bg7 20. Nxb6 Ra7 21. Rfd1 Re8 22. g4 Rxe2 23. gxf5 Nf4 24. Bxe2 Nxe2+ 25. Kf1 Nxd4 26. fxg6 hxg6 27. Nc8 Ra8 28. Nd6 b6 29. a4 Nc2 30. Rac1 Nxb4 31. Rc8+ Rxc8 32. Nxc8 Na6 33. Nxb6 Bc3 34. Rc1 Bb4 35. Nd5 Ba5 36. Rc8+ Kg7 37. Ra8 Nb4 38. Rxa5 Nc6 39. Rc5 Nd4 40. a5 Ne6 41. Rb5 Nd4 42. Rb8 Nf3 43. a6 Nxh2+ 44. Kg2 Ng4 45. a7 Ne5 46. a8=Q 1-0


[Site "https://www.chess.com"]